Flames vs Canucks

Created - October 20, 2017 at 21:50

Goals
1 2 3 T
Flames 0 4 2 6
Canucks 0 2 2 4
Shots
1 2 3 T
Flames 9 16 4 29
Canucks 13 7 18 38

1st period

No Goal

Penalties :
Alexander Semin (Cal) for Tripping (Minor) at 6:14, Steve Eminger (Cal) for Hooking (Minor) at 19:21

2nd period

1. Canucks , Mike Ribeiro 2 (Milan Michalek 2, Maxim Afinogenov 1) at 5:19
2. Canucks , Tom Poti 1 (Jiri Hudler 2, Matt Stajan 3) at 10:04
3. Flames , Alexander Semin 2 (David Backes 5, Erik Johnson 3) at 11:42
4. Flames , Jordin Tootoo 2 (Patrik Berglund 3, Erik Johnson 4) at 12:18
5. Flames , Michel Ouellet 2 (Steve Eminger 1) at 14:04
6. Flames , Brad Marchand 1 (Mikhail Grabovski 1) at 16:35 (SH)

Penalties :
Alexander Semin (Cal) for Slashing (Minor) at 16:22

3rd period

7. Canucks , Milan Michalek 3 (Mike Ribeiro 4, Maxim Afinogenov 2) at 0:41
8. Flames , Alexander Semin 3 (Eric Staal 3) at 10:06 (PP)
9. Canucks , Maxim Afinogenov 3 (Matt Stajan 4, Clarke MacArthur 1) at 11:36 (PP)
10. Flames , David Backes 1 (Brendan Mikkelson 1) at 18:54

Penalties :
Jamie McBain (Van) for Holding (Minor) at 10:02, Alexander Semin (Cal) for Holding (Minor) at 10:29

Goalie Stats

Pekka Rinne (Cal), 34 saves from 38 shots - (0.895), W, 3-2-0, 60:00 minutes
Carey Price (Van), 23 saves from 29 shots - (0.793), L, 2-2-0, 60:00 minutes

Players Stats for Flames

Player Name              G  A  P  +/- PIM S  H  SB GA TA FO     MP     PP MP  PK MP  
------------------------------------------------------------------------------------
Alexander Semin          2  0  2   2  6   3  1  0  0  2  0/0    18:23   0:04   0:48 
Brad Marchand            1  0  1  -1  0   3  1  0  0  0  0/0    17:55   0:00   2:23 
Brendan Mikkelson        0  1  1  -2  0   2  0  2  1  0  0/0    21:09   0:00   0:07 
Colby Robak              0  0  0   0  0   0  4  0  0  0  0/0    14:22   0:04   2:16 
Colin Wilson             0  0  0   1  0   1  1  0  0  0  3/6    11:10   0:00   0:00 
David Backes             1  1  2   2  0   1  3  0  1  2  0/1    17:35   0:04   0:00 
Derek Meech              0  0  0   3  0   0  1  0  0  0  0/0    21:07   0:00   2:16 
Eric Staal               0  1  1   2  0   3  1  0  0  0  19/34  20:50   0:04   2:54 
Erik Johnson             0  2  2   3  0   2  0  3  0  1  0/0    21:04   0:04   1:27 
Jonathan Ferland         0  0  0   0  0   0  1  0  0  0  0/0     8:15   0:00   0:00 
Jordin Tootoo            1  0  1  -2  0   1  1  2  0  1  0/1    19:16   0:00   3:23 
Lubomir Visnovsky        0  0  0   1  0   1  2  1  0  1  0/0    18:01   0:00   4:48 
Marcel Goc               0  0  0   0  0   1  0  0  0  0  0/0     9:17   0:00   0:59 
Michel Ouellet           1  0  1   1  0   1  0  0  0  0  0/0    11:10   0:00   0:00 
Mikhail Grabovski        0  1  1   1  0   3  2  0  1  0  1/6    11:26   0:00   3:11 
Patrik Berglund          0  1  1  -2  0   0  1  1  1  1  3/8    15:32   0:00   0:00 
Steve Eminger            0  1  1  -1  2   1  2  0  0  2  0/0    24:37   0:00   3:14 
Steve Regier             0  0  0   1  0   6  3  0  1  0  1/1    11:43   0:00   0:30 

Players Stats for Canucks

Player Name              G  A  P  +/- PIM S  H  SB GA TA FO     MP     PP MP  PK MP  
------------------------------------------------------------------------------------
Alex Goligoski           0  0  0  -2  0   3  0  4  2  0  0/0    27:05   4:27   0:04 
Ben Lovejoy              0  0  0  -2  0   2  3  5  0  0  0/0    27:05   4:27   0:04 
Clarke MacArthur         0  1  1   0  0   1  1  0  0  0  0/0    15:48   2:14   0:00 
Jamie McBain             0  0  0  -1  2   3  1  1  4  0  0/0    18:28   2:37   0:00 
Jiri Hudler              0  1  1  -1  0   3  2  0  1  0  0/1    17:06   3:30   0:00 
Lasse Kukkonen           0  0  0   1  0   2  0  2  0  2  0/0    17:24   2:37   0:00 
Matt Stajan              0  2  2   0  0   2  0  2  1  0  5/9    15:49   2:11   0:04 
Maxim Afinogenov         1  2  3  -1  0   2  4  0  2  2  0/1    21:46   2:43   0:00 
Maxim Lapierre           0  0  0   0  0   1  1  0  0  0  2/3     8:32   0:48   0:00 
Mike Ribeiro             1  1  2  -2  0   3  0  0  0  0  19/36  23:22   4:13   0:04 
Milan Michalek           1  1  2  -2  0   2  2  1  0  0  2/3    23:16   4:11   0:00 
Nik Antropov             0  0  0   0  0   5  1  0  0  0  2/4    12:29   0:00   0:00 
Nikolai Zherdev          0  0  0   0  0   0  1  1  0  0  0/0     7:49   0:20   0:00 
Patrik Elias             0  0  0   0  0   1  0  0  0  0  0/0     8:04   0:20   0:00 
Rene Bourque             0  0  0   0  0   1  3  0  0  0  0/0    12:29   0:00   0:00 
Ryan Hollweg             0  0  0   0  0   5  0  1  0  1  0/0    13:26   0:42   0:00 
Sami Lepisto             0  0  0   1  0   1  0  2  0  0  0/0    14:26   0:00   0:00 
Tom Poti                 1  0  1  -1  0   1  0  0  0  0  0/0    15:31   0:00   0:00 

3 Stars

1 - David Backes (Cal)
2 - Maxim Afinogenov (Van)
3 - Erik Johnson (Cal)

Power Play

Flames - 1 on 1 Attempt(s) - 100.00%
Canucks - 1 on 4 Attempt(s) - 25.00%

Penalty Kill

Flames - 3 on 4 Attempt(s) - 75.00% - Score 1 goal in Penalty Kill
Canucks - 0 on 1 Attempt(s) - 0.00% - Score 0 goal in Penalty Kill

Team Stat

Flames - Hits : 24 - Faceoff Wins : 27 - Blocked Shots : 9 - Penalty Minutes : 8
Canucks - Hits : 19 - Faceoff Wins : 30 - Blocked Shots : 19 - Penalty Minutes : 2

Official

Referees : Pochmara Brian and Auger Stephane
Linesman : Greg Devorski and Andy McElman

Game Notes

No Game Note

Finance

Level 1 -- Attendance: 4927 (82.12%) -- Ticket Income $448,357
Level 2 -- Attendance: 4594 (91.88%) -- Ticket Income $248,076
Level 3 -- Attendance: 2000 (100.00%) -- Ticket Income $70,000
Level 4 -- Attendance: 4000 (100.00%) -- Ticket Income $88,000
Luxury Box -- Attendance: 1000 (100.00%) -- Ticket Income $105,000
Game was played at the Budweiser Coliseum.
Total Attendance: 16521 (91.78%)
Total Ticket Income: $959,433
Other Income: $143,915
Total Income: $1,103,348

Flames

5 vs 5 Forward 
   Center                   Left Wing                Right Wing               Time % Phy DF OF 
 1 Eric Staal               Alexander Semin          David Backes             41     1   2  2  
 2 Patrik Berglund          Brad Marchand            Jordin Tootoo            33     1   2  2  
 3 Colin Wilson             Steve Regier             Michel Ouellet           18     1   2  2  
 4 Mikhail Grabovski        Marcel Goc               Jonathan Ferland         8      1   2  2  

5 vs 5 Defense 
   Defense                  Defense                                           Time % Phy DF OF 
 1 Derek Meech              Erik Johnson                                      38     1   2  2  
 2 Brendan Mikkelson        Steve Eminger                                     29     1   2  2  
 3 Lubomir Visnovsky        Colby Robak                                       23     1   2  2  
 4 Brendan Mikkelson        Steve Eminger                                     10     1   2  2  

PowerPlay Forward 
   Center                   Left Wing                Right Wing               Time % Phy DF OF 
 1 Eric Staal               Alexander Semin          David Backes             60     1   1  3  
 2 Patrik Berglund          Steve Regier             Jordin Tootoo            40     1   1  3  

PowerPlay Defense
   Defense                  Defense                                           Time % Phy DF OF 
 1 Colby Robak              Erik Johnson                                      60     1   1  3  
 2 Derek Meech              Lubomir Visnovsky                                 40     1   1  3  

Penalty Kill 4 Players Forward 
   Center                   Wing                     Time % Phy DF OF 
 1 Mikhail Grabovski        Alexander Semin          50     1   3  1  
 2 Eric Staal               Jordin Tootoo            50     1   3  1  

Penalty Kill 4 Players Defense
   Defense                  Defense                  Time % Phy DF OF 
 1 Lubomir Visnovsky        Steve Eminger            58     1   3  1  
 2 Derek Meech              Colby Robak              42     1   3  1  

Penalty Kill - 3 Players Forward 
   Forward                                           Time % Phy DF OF 
 1 David Backes                                      50     1   3  1  
 2 Alexander Semin                                   50     1   3  1  

Penalty Kill - 3 Players Defense
   Defense                  Defense                  Time % Phy DF OF 
 1 Lubomir Visnovsky        Steve Eminger            58     1   3  1  
 2 Derek Meech              Colby Robak              42     1   3  1  

4 vs 4 Forward 
   Center                   Wing                     Time % Phy DF OF 
 1 Mikhail Grabovski        Alexander Semin          60     1   2  2  
 2 Patrik Berglund          Jordin Tootoo            40     1   2  2  

4 vs 4 Defense
   Defense                  Defense                  Time % Phy DF OF 
 1 Derek Meech              Erik Johnson             60     1   2  2  
 2 Brendan Mikkelson        Steve Eminger            40     1   2  2  

Last Minutes Offensive
   Center                   Left Wing                Right Wing               Defense                  Defense                  
   Eric Staal               Alexander Semin          David Backes             Derek Meech              Erik Johnson             

Last Minutes Defensive
   Center                   Left Wing                Right Wing               Defense                  Defense                  
   Eric Staal               Alexander Semin          David Backes             Derek Meech              Erik Johnson             

Goaltenders
Starting : Pekka Rinne              
Backup : Josh Harding             

Extra Forwards
Normal : Brad Marchand, Jordin Tootoo, Colin Wilson - PP : Colin Wilson, Brad Marchand - PK : Brad Marchand
Extra Defensemen
Normal : Derek Meech, Steve Eminger, Lubomir Visnovsky - PP : Derek Meech - PK : Erik Johnson, Derek Meech
Penalty Shots
Eric Staal, Alexander Semin, David Backes, Patrik Berglund, Colin Wilson

Scratches
Noah Welch (Healthy), Ron Hainsey (Torn Right Knee Ligaments Injury)

Canucks

5 vs 5 Forward 
   Center                   Left Wing                Right Wing               Time % Phy DF OF 
 1 Mike Ribeiro             Milan Michalek           Maxim Afinogenov         40     1   2  2  
 2 Matt Stajan              Clarke MacArthur         Jiri Hudler              30     1   2  2  
 3 Nik Antropov             Ryan Hollweg             Rene Bourque             20     1   2  2  
 4 Maxim Lapierre           Patrik Elias             Nikolai Zherdev          10     1   2  2  

5 vs 5 Defense 
   Defense                  Defense                                           Time % Phy DF OF 
 1 Alex Goligoski           Ben Lovejoy                                       40     1   2  2  
 2 Tom Poti                 Jamie McBain                                      30     1   2  2  
 3 Lasse Kukkonen           Sami Lepisto                                      20     1   2  2  
 4 Alex Goligoski           Ben Lovejoy                                       10     1   2  2  

PowerPlay Forward 
   Center                   Left Wing                Right Wing               Time % Phy DF OF 
 1 Mike Ribeiro             Milan Michalek           Jiri Hudler              60     1   2  2  
 2 Matt Stajan              Clarke MacArthur         Maxim Afinogenov         40     1   2  2  

PowerPlay Defense
   Defense                  Defense                                           Time % Phy DF OF 
 1 Alex Goligoski           Ben Lovejoy                                       60     1   2  2  
 2 Lasse Kukkonen           Jamie McBain                                      40     1   2  2  

Penalty Kill 4 Players Forward 
   Center                   Wing                     Time % Phy DF OF 
 1 Mike Ribeiro             Matt Stajan              60     1   2  2  
 2 Nik Antropov             Milan Michalek           40     1   2  2  

Penalty Kill 4 Players Defense
   Defense                  Defense                  Time % Phy DF OF 
 1 Alex Goligoski           Ben Lovejoy              60     1   2  2  
 2 Lasse Kukkonen           Jamie McBain             40     1   2  2  

Penalty Kill - 3 Players Forward 
   Forward                                           Time % Phy DF OF 
 1 Mike Ribeiro                                      60     1   2  2  
 2 Matt Stajan                                       40     1   2  2  

Penalty Kill - 3 Players Defense
   Defense                  Defense                  Time % Phy DF OF 
 1 Alex Goligoski           Ben Lovejoy              60     1   2  2  
 2 Lasse Kukkonen           Jamie McBain             40     1   2  2  

4 vs 4 Forward 
   Center                   Wing                     Time % Phy DF OF 
 1 Mike Ribeiro             Matt Stajan              60     1   2  2  
 2 Nik Antropov             Milan Michalek           40     1   2  2  

4 vs 4 Defense
   Defense                  Defense                  Time % Phy DF OF 
 1 Alex Goligoski           Ben Lovejoy              60     1   2  2  
 2 Lasse Kukkonen           Jamie McBain             40     1   2  2  

Last Minutes Offensive
   Center                   Left Wing                Right Wing               Defense                  Defense                  
   Mike Ribeiro             Milan Michalek           Jiri Hudler              Alex Goligoski           Ben Lovejoy              

Last Minutes Defensive
   Center                   Left Wing                Right Wing               Defense                  Defense                  
   Mike Ribeiro             Milan Michalek           Jiri Hudler              Alex Goligoski           Ben Lovejoy              

Goaltenders
Starting : Carey Price              
Backup : Karri Ramo               

Extra Forwards
Normal : Maxim Lapierre, Ryan Hollweg, Patrik Elias - PP : Maxim Lapierre, Ryan Hollweg - PK : Patrik Elias
Extra Defensemen
Normal : Tom Poti, Sami Lepisto, Lasse Kukkonen - PP : Tom Poti - PK : Sami Lepisto, Lasse Kukkonen
Penalty Shots
Mike Ribeiro, Matt Stajan, Nik Antropov, Milan Michalek, Clarke MacArthur

Scratches
None


% Time on Ice - Flames

Lines # - Real PCT - Wanted PCT - Time Play
Normal Forward
1 - 33% - 41% - 17:27
2 - 30% - 33% - 15:53
3 - 21% - 18% - 11:10
4 - 16% - 8% - 8:15
Normal Defense
1 - 39% - 38% - 20:24
2 - 30% - 29% - 15:46
3 - 24% - 23% - 12:26
4 - 8% - 10% - 4:09
PP Forward
1 - 100% - 60% - 0:04
2 - 0% - 40% - 0:00
PP Defense
1 - 100% - 60% - 0:04
2 - 0% - 40% - 0:00
PK Forward
1 - 52% - 50% - 3:41
2 - 48% - 50% - 3:23
PK Defense
1 - 68% - 58% - 4:48
2 - 32% - 42% - 2:16
PK3 Forward
1 - 0% - 50%
2 - 0% - 50%
PK3 Defense
1 - 0% - 58%
2 - 0% - 42%
44 Forward
1 - 0% - 60%
2 - 0% - 40%
44 Defense
1 - 0% - 60%
2 - 0% - 40%
Last Minute Offensive  - 0:00
Last Minute Defensive  - 0:07
Total
Forward - 60:00
Defense - 60:00

% Time on Ice - Canucks

Lines # - Real PCT - Wanted PCT - Time Play
Normal Forward
1 - 37% - 40% - 19:20
2 - 26% - 30% - 13:34
3 - 24% - 20% - 12:29
4 - 14% - 10% - 7:29
Normal Defense
1 - 38% - 40% - 20:14
2 - 30% - 30% - 15:52
3 - 27% - 20% - 14:26
4 - 4% - 10% - 2:20
PP Forward
1 - 66% - 60% - 4:39
2 - 34% - 40% - 2:25
PP Defense
1 - 63% - 60% - 4:27
2 - 37% - 40% - 2:37
PK Forward
1 - 100% - 60% - 0:04
2 - 0% - 40% - 0:00
PK Defense
1 - 100% - 60% - 0:04
2 - 0% - 40% - 0:00
PK3 Forward
1 - 0% - 60%
2 - 0% - 40%
PK3 Defense
1 - 0% - 60%
2 - 0% - 40%
44 Forward
1 - 0% - 60%
2 - 0% - 40%
44 Defense
1 - 0% - 60%
2 - 0% - 40%
Last Minute Offensive  - 0:00
Last Minute Defensive  - 0:00
Total
Forward - 60:00
Defense - 60:00

Play by Play

1st period


0:01 of 1st period - Milan Michalek wins face-off versus Eric Staal in neutral zone.
0:32 of 1st period - Jordin Tootoo is hit by Ben Lovejoy and loses puck.
0:59 of 1st period - Ryan Hollweg is hit by Steve Regier and loses puck.
1:30 of 1st period - Tom Poti is hit by David Backes and loses puck.
1:55 of 1st period - Wrist shot by Brad Marchand.
1:55 of 1st period - Deflect By Patrik Berglund.
1:55 of 1st period - Shot Misses the Net.
1:55 of 1st period - Puck is out of play.
1:56 of 1st period - Matt Stajan wins face-off versus Patrik Berglund in Canucks zone.
2:45 of 1st period - Slapshot by Alexander Semin.
2:45 of 1st period - Shot Blocked by Sami Lepisto.
2:47 of 1st period - Snap shot by Michel Ouellet.
2:47 of 1st period - Shot Misses the Net.
2:49 of 1st period - Snap shot by Colby Robak.
2:49 of 1st period - Shot Blocked by Lasse Kukkonen.
2:51 of 1st period - Slapshot by Lubomir Visnovsky.
2:51 of 1st period - Shot Hit the Post.
2:53 of 1st period - Slapshot by Lubomir Visnovsky.
2:53 of 1st period - Shot Blocked by Ryan Hollweg.
2:55 of 1st period - Wrist shot by Steve Regier.
2:55 of 1st period - Deflect By Colin Wilson.
2:55 of 1st period - Stopped by Carey Price with a rebound.
2:57 of 1st period - Slapshot by Lubomir Visnovsky.
2:57 of 1st period - Stopped by Carey Price without a rebound.
2:58 of 1st period - Mike Ribeiro wins face-off versus Patrik Berglund in Canucks zone.
3:05 of 1st period - Snap shot by Mike Ribeiro.
3:05 of 1st period - Shot Blocked by Brendan Mikkelson.
3:07 of 1st period - Snap shot by Jamie McBain.
3:07 of 1st period - Stopped by Pekka Rinne with a rebound.
3:09 of 1st period - Slapshot by Maxim Afinogenov.
3:09 of 1st period - Shot Misses the Net.
3:46 of 1st period - Backhand shot by David Backes.
3:46 of 1st period - Deflect By Steve Regier.
3:46 of 1st period - Shot Misses the Net.
3:46 of 1st period - Puck is out of play.
3:47 of 1st period - Colin Wilson wins face-off versus Maxim Lapierre in Canucks zone.
3:48 of 1st period - Snap shot by Steve Regier.
3:48 of 1st period - Stopped by Carey Price without a rebound.
3:49 of 1st period - Maxim Lapierre wins face-off versus Colin Wilson in Canucks zone.
3:56 of 1st period - Snap shot by Steve Regier.
3:56 of 1st period - Stopped by Carey Price with a rebound.
4:46 of 1st period - Snap shot by Jiri Hudler.
4:46 of 1st period - Shot Blocked by Brendan Mikkelson.
4:48 of 1st period - Slapshot by Sami Lepisto.
4:48 of 1st period - Deflect By Jiri Hudler.
4:48 of 1st period - Stopped by Pekka Rinne without a rebound.
4:49 of 1st period - Matt Stajan wins face-off versus Eric Staal in Flames zone.
4:54 of 1st period - Wrist shot by Jiri Hudler.
4:54 of 1st period - Stopped by Pekka Rinne with a rebound.
5:04 of 1st period - Snap shot by Matt Stajan.
5:04 of 1st period - Stopped by Pekka Rinne with a rebound.
5:06 of 1st period - Slapshot by Clarke MacArthur.
5:06 of 1st period - Shot Misses the Net.
6:14 of 1st period - Minor Penalty to Alexander Semin for Tripping.
6:15 of 1st period - Mike Ribeiro wins face-off versus Mikhail Grabovski in Flames zone.
6:41 of 1st period - Jamie McBain is hit by Steve Eminger and loses puck.
6:52 of 1st period - Steve Eminger is hit by Ben Lovejoy and loses puck.
8:01 of 1st period - Steve Regier is hit by Nikolai Zherdev and loses puck.
8:14 of 1st period - Penalty to Alexander Semin is over, Alexander Semin is back on ice.
9:01 of 1st period - Mike Ribeiro is hit by Lubomir Visnovsky and loses puck.
10:19 of 1st period - Slapshot by Jordin Tootoo.
10:19 of 1st period - Shot Blocked by Nikolai Zherdev.
11:08 of 1st period - Jiri Hudler is hit by Jonathan Ferland and loses puck.
11:31 of 1st period - Alex Goligoski is hit by Colby Robak.
12:18 of 1st period - Ben Lovejoy is hit by Colin Wilson and loses puck.
12:50 of 1st period - Alexander Semin is hit by Milan Michalek.
13:16 of 1st period - Lasse Kukkonen is hit by Colby Robak and loses puck.
13:35 of 1st period - Backhand shot by Maxim Lapierre.
13:35 of 1st period - Shot Hit the Post.
13:37 of 1st period - Slapshot by Lasse Kukkonen.
13:37 of 1st period - Stopped by Pekka Rinne with a rebound.
13:39 of 1st period - Slapshot by Lasse Kukkonen.
13:39 of 1st period - Shot Misses the Net.
13:59 of 1st period - Ryan Hollweg is hit by Derek Meech and loses puck.
14:12 of 1st period - Slapshot by Erik Johnson.
14:12 of 1st period - Shot Blocked by Ben Lovejoy.
14:14 of 1st period - Slapshot by Brad Marchand.
14:14 of 1st period - Stopped by Carey Price with a rebound.
14:16 of 1st period - Slapshot by Steve Eminger.
14:16 of 1st period - Stopped by Carey Price with a rebound.
14:18 of 1st period - Slapshot by Colby Robak.
14:18 of 1st period - Shot Blocked by Alex Goligoski.
15:32 of 1st period - Mike Ribeiro is hit by Mikhail Grabovski and loses puck.
15:37 of 1st period - Snap shot by Mikhail Grabovski.
15:37 of 1st period - Stopped by Carey Price with a rebound.
15:43 of 1st period - Snap shot by Marcel Goc.
15:43 of 1st period - Stopped by Carey Price without a rebound.
15:44 of 1st period - Eric Staal wins face-off versus Jiri Hudler in Canucks zone.
15:58 of 1st period - Lasse Kukkonen is hit by Colby Robak and loses puck.
16:11 of 1st period - Jordin Tootoo is hit by Maxim Afinogenov and loses puck.
16:16 of 1st period - Slapshot by Alex Goligoski.
16:16 of 1st period - Deflect By Brad Marchand.
16:16 of 1st period - Stopped by Pekka Rinne with a rebound.
16:18 of 1st period - Slapshot by Alex Goligoski.
16:18 of 1st period - Stopped by Pekka Rinne with a rebound.
16:20 of 1st period - Snap shot by Milan Michalek.
16:20 of 1st period - Stopped by Pekka Rinne without a rebound.
16:21 of 1st period - Eric Staal wins face-off versus Mike Ribeiro in Flames zone.
16:53 of 1st period - Slapshot by Tom Poti.
16:53 of 1st period - Shot Blocked by Patrik Berglund.
16:55 of 1st period - Wrist shot by Nik Antropov.
16:55 of 1st period - Stopped by Pekka Rinne with a rebound.
16:57 of 1st period - Wrist shot by Ryan Hollweg.
16:57 of 1st period - Stopped by Pekka Rinne with a rebound.
16:59 of 1st period - Slapshot by Jamie McBain.
16:59 of 1st period - Stopped by Pekka Rinne with a rebound.
17:01 of 1st period - Wrist shot by Ryan Hollweg.
17:01 of 1st period - Shot Blocked by Jordin Tootoo.
17:17 of 1st period - Wrist shot by Colin Wilson.
17:17 of 1st period - Shot Misses the Net.
17:19 of 1st period - Slapshot by Steve Eminger.
17:19 of 1st period - Deflect By Steve Regier.
17:19 of 1st period - Shot Blocked by Lasse Kukkonen.
17:19 of 1st period - Puck is out of play.
17:20 of 1st period - Eric Staal wins face-off versus Mike Ribeiro in Canucks zone.
17:37 of 1st period - Alexander Semin is hit by Maxim Afinogenov and loses puck.
18:38 of 1st period - Snap shot by Mikhail Grabovski.
18:38 of 1st period - Stopped by Carey Price without a rebound.
18:39 of 1st period - Eric Staal wins face-off versus Mike Ribeiro in Canucks zone.
18:55 of 1st period - Snap shot by Mike Ribeiro.
18:55 of 1st period - Stopped by Pekka Rinne with a rebound.
19:21 of 1st period - Minor Penalty to Steve Eminger for Hooking.
19:22 of 1st period - Mike Ribeiro wins face-off versus Eric Staal in Flames zone.
19:23 of 1st period - Snap shot by Jiri Hudler.
19:23 of 1st period - Stopped by Pekka Rinne with a rebound.
19:25 of 1st period - Slapshot by Ben Lovejoy.
19:25 of 1st period - Shot Misses the Net.
Goals for this period are 0 for Flames vs 0 for Canucks.
Shots for this period are 9 for Flames vs 13 for Canucks.

2nd period


0:01 of 2nd period - Mike Ribeiro wins face-off versus Eric Staal in neutral zone.
0:03 of 2nd period - Off-side.
0:04 of 2nd period - Mike Ribeiro wins face-off versus Eric Staal in neutral zone.
0:08 of 2nd period - Wrist shot by Mike Ribeiro.
0:08 of 2nd period - Shot Misses the Net.
0:10 of 2nd period - Slapshot by Ben Lovejoy.
0:10 of 2nd period - Shot Blocked by Lubomir Visnovsky.
0:34 of 2nd period - Alexander Semin is hit by Maxim Afinogenov and loses puck.
1:21 of 2nd period - Penalty to Steve Eminger is over, Steve Eminger is back on ice.
1:29 of 2nd period - Slapshot by Jamie McBain.
1:29 of 2nd period - Stopped by Pekka Rinne with a rebound.
1:37 of 2nd period - Wrist shot by Steve Eminger.
1:37 of 2nd period - Shot Misses the Net.
1:39 of 2nd period - Slapshot by Brendan Mikkelson.
1:39 of 2nd period - Stopped by Carey Price with a rebound.
1:41 of 2nd period - Snap shot by Eric Staal.
1:41 of 2nd period - Stopped by Carey Price without a rebound.
1:42 of 2nd period - Maxim Lapierre wins face-off versus Colin Wilson in Canucks zone.
2:50 of 2nd period - Slapshot by Brad Marchand.
2:50 of 2nd period - Deflect By Jordin Tootoo.
2:50 of 2nd period - Shot Blocked by Jamie McBain.
2:50 of 2nd period - Puck is out of play.
2:51 of 2nd period - Colin Wilson wins face-off versus Nik Antropov in Canucks zone.
2:54 of 2nd period - Wrist shot by Steve Regier.
2:54 of 2nd period - Stopped by Carey Price with a rebound.
2:56 of 2nd period - Slapshot by Brendan Mikkelson.
2:56 of 2nd period - Stopped by Carey Price with a rebound.
2:58 of 2nd period - Snap shot by Steve Regier.
2:58 of 2nd period - Stopped by Carey Price without a rebound.
2:59 of 2nd period - Colin Wilson wins face-off versus Milan Michalek in Canucks zone.
3:02 of 2nd period - Slapshot by Michel Ouellet.
3:02 of 2nd period - Shot Misses the Net.
3:20 of 2nd period - Sami Lepisto is hit by Steve Regier and loses puck.
3:33 of 2nd period - Snap shot by Steve Regier.
3:33 of 2nd period - Stopped by Carey Price with a rebound.
3:35 of 2nd period - Wrist shot by Steve Regier.
3:35 of 2nd period - Shot Misses the Net.
3:37 of 2nd period - Slapshot by Steve Regier.
3:37 of 2nd period - Stopped by Carey Price without a rebound.
3:38 of 2nd period - Eric Staal wins face-off versus Matt Stajan in Canucks zone.
4:05 of 2nd period - Erik Johnson is hit by Nik Antropov and loses puck.
4:16 of 2nd period - Snap shot by Rene Bourque.
4:16 of 2nd period - Shot Misses the Net.
4:18 of 2nd period - Snap shot by Rene Bourque.
4:18 of 2nd period - Shot Misses the Net.
4:40 of 2nd period - Maxim Lapierre is hit by Mikhail Grabovski and loses puck.
5:01 of 2nd period - Snap shot by Brendan Mikkelson.
5:01 of 2nd period - Shot Misses the Net.
5:03 of 2nd period - Wrist shot by Eric Staal.
5:03 of 2nd period - Stopped by Carey Price without a rebound.
5:04 of 2nd period - Patrik Berglund wins face-off versus Mike Ribeiro in Canucks zone.
5:05 of 2nd period - Snap shot by Brad Marchand.
5:05 of 2nd period - Shot Misses the Net.
5:19 of 2nd period - Wrist shot by Mike Ribeiro.
5:19 of 2nd period - Goal by Mike Ribeiro - Flames : 0 - Canucks : 1.
5:20 of 2nd period - Mike Ribeiro wins face-off versus Eric Staal in neutral zone.
5:27 of 2nd period - Snap shot by Mike Ribeiro.
5:27 of 2nd period - Shot Misses the Net.
5:33 of 2nd period - Alex Goligoski is hit by Eric Staal and loses puck.
6:05 of 2nd period - Steve Regier is hit by Rene Bourque and loses puck.
7:35 of 2nd period - Snap shot by Maxim Lapierre.
7:35 of 2nd period - Stopped by Pekka Rinne with a rebound.
7:51 of 2nd period - Wrist shot by Ryan Hollweg.
7:51 of 2nd period - Shot Misses the Net.
7:53 of 2nd period - Slapshot by Nik Antropov.
7:53 of 2nd period - Deflect By Rene Bourque.
7:53 of 2nd period - Shot Misses the Net.
7:53 of 2nd period - Puck is out of play.
7:54 of 2nd period - Nik Antropov wins face-off versus Mikhail Grabovski in Flames zone.
8:05 of 2nd period - Wrist shot by Nik Antropov.
8:05 of 2nd period - Shot Misses the Net.
8:19 of 2nd period - Sami Lepisto is hit by Alexander Semin and loses puck.
9:19 of 2nd period - Snap shot by Ryan Hollweg.
9:19 of 2nd period - Shot Misses the Net.
9:21 of 2nd period - Snap shot by Rene Bourque.
9:21 of 2nd period - Shot Misses the Net.
9:23 of 2nd period - Snap shot by Ryan Hollweg.
9:23 of 2nd period - Shot Misses the Net.
9:25 of 2nd period - Slapshot by Ben Lovejoy.
9:25 of 2nd period - Stopped by Pekka Rinne without a rebound.
9:26 of 2nd period - Eric Staal wins face-off versus Mike Ribeiro in Flames zone.
10:02 of 2nd period - Snap shot by Jiri Hudler.
10:02 of 2nd period - Shot Misses the Net.
10:04 of 2nd period - Slapshot by Tom Poti.
10:04 of 2nd period - Goal by Tom Poti - Flames : 0 - Canucks : 2.
10:05 of 2nd period - Eric Staal wins face-off versus Mike Ribeiro in neutral zone.
10:08 of 2nd period - Snap shot by David Backes.
10:08 of 2nd period - Shot Blocked by Ben Lovejoy.
10:35 of 2nd period - Slapshot by Eric Staal.
10:35 of 2nd period - Shot Misses the Net.
11:42 of 2nd period - Snap shot by Alexander Semin.
11:42 of 2nd period - Goal by Alexander Semin - Flames : 1 - Canucks : 2.
11:43 of 2nd period - Mike Ribeiro wins face-off versus Eric Staal in neutral zone.
11:54 of 2nd period - Snap shot by David Backes.
11:54 of 2nd period - Deflect By Alexander Semin.
11:54 of 2nd period - Stopped by Carey Price with a rebound.
11:56 of 2nd period - Slapshot by Derek Meech.
11:56 of 2nd period - Shot Blocked by Ben Lovejoy.
11:58 of 2nd period - Snap shot by Derek Meech.
11:58 of 2nd period - Shot Blocked by Milan Michalek.
12:00 of 2nd period - Slapshot by Derek Meech.
12:00 of 2nd period - Deflect By Eric Staal.
12:00 of 2nd period - Stopped by Carey Price with a rebound.
12:18 of 2nd period - Snap shot by Jordin Tootoo.
12:18 of 2nd period - Goal by Jordin Tootoo - Flames : 2 - Canucks : 2.
12:19 of 2nd period - Eric Staal wins face-off versus Mike Ribeiro in neutral zone.
13:34 of 2nd period - Snap shot by Mikhail Grabovski.
13:34 of 2nd period - Shot Misses the Net.
13:36 of 2nd period - Slapshot by Jonathan Ferland.
13:36 of 2nd period - Deflect By Maxim Lapierre.
13:36 of 2nd period - Shot Misses the Net.
13:36 of 2nd period - Puck is out of play.
13:37 of 2nd period - Mike Ribeiro wins face-off versus Eric Staal in Canucks zone.
14:04 of 2nd period - Snap shot by Michel Ouellet.
14:04 of 2nd period - Goal by Michel Ouellet - Flames : 3 - Canucks : 2.
14:05 of 2nd period - Mike Ribeiro wins face-off versus Eric Staal in neutral zone.
14:10 of 2nd period - Slapshot by Ben Lovejoy.
14:10 of 2nd period - Shot Blocked by Erik Johnson.
14:16 of 2nd period - Slapshot by Erik Johnson.
14:16 of 2nd period - Shot Blocked by Ben Lovejoy.
14:18 of 2nd period - Slapshot by Derek Meech.
14:18 of 2nd period - Shot Blocked by Alex Goligoski.
14:20 of 2nd period - Snap shot by Erik Johnson.
14:20 of 2nd period - Shot Blocked by Alex Goligoski.
14:22 of 2nd period - Slapshot by Erik Johnson.
14:22 of 2nd period - Stopped by Carey Price without a rebound.
14:23 of 2nd period - Patrik Berglund wins face-off versus Matt Stajan in Canucks zone.
14:32 of 2nd period - Wrist shot by Brad Marchand.
14:32 of 2nd period - Shot Blocked by Alex Goligoski.
14:48 of 2nd period - David Backes is hit by Milan Michalek and loses puck.
15:15 of 2nd period - Ryan Hollweg is hit by Steve Regier and loses puck.
15:34 of 2nd period - Slapshot by Mikhail Grabovski.
15:34 of 2nd period - Shot Blocked by Sami Lepisto.
16:22 of 2nd period - Minor Penalty to Alexander Semin for Slashing.
16:23 of 2nd period - Mike Ribeiro wins face-off versus Eric Staal in Flames zone.
16:35 of 2nd period - Snap shot by Brad Marchand.
16:35 of 2nd period - Goal by Brad Marchand - Flames : 4 - Canucks : 2.
16:36 of 2nd period - Eric Staal wins face-off versus Mike Ribeiro in neutral zone.
17:09 of 2nd period - Wrist shot by Jordin Tootoo.
17:09 of 2nd period - Shot Misses the Net.
17:32 of 2nd period - Wrist shot by Mikhail Grabovski.
17:32 of 2nd period - Stopped by Carey Price without a rebound.
17:33 of 2nd period - Mike Ribeiro wins face-off versus Mikhail Grabovski in Canucks zone.
18:22 of 2nd period - Penalty to Alexander Semin is over, Alexander Semin is back on ice.
18:25 of 2nd period - Ben Lovejoy is hit by Steve Eminger and loses puck.
18:34 of 2nd period - Michel Ouellet is hit by Rene Bourque and loses puck.
19:02 of 2nd period - Derek Meech is hit by Rene Bourque and loses puck.
19:15 of 2nd period - Snap shot by Ryan Hollweg.
19:15 of 2nd period - Shot Misses the Net.
19:19 of 2nd period - Snap shot by Nik Antropov.
19:19 of 2nd period - Stopped by Pekka Rinne without a rebound.
19:20 of 2nd period - Eric Staal wins face-off versus Mike Ribeiro in Flames zone.
19:39 of 2nd period - Alexander Semin is hit by Jamie McBain.
19:40 of 2nd period - Icing by Alexander Semin.
19:41 of 2nd period - Eric Staal wins face-off versus Matt Stajan in Flames zone.
19:56 of 2nd period - Slapshot by Clarke MacArthur.
19:56 of 2nd period - Stopped by Pekka Rinne without a rebound.
19:57 of 2nd period - Mike Ribeiro wins face-off versus Patrik Berglund in Flames zone.
Goals for this period are 4 for Flames vs 2 for Canucks.
Shots for this period are 16 for Flames vs 7 for Canucks.

3rd period


0:01 of 3rd period - Eric Staal wins face-off versus Mike Ribeiro in neutral zone.
0:15 of 3rd period - Icing by Ben Lovejoy.
0:16 of 3rd period - Patrik Berglund wins face-off versus Mike Ribeiro in Canucks zone.
0:39 of 3rd period - Snap shot by Maxim Afinogenov.
0:39 of 3rd period - Shot Misses the Net.
0:41 of 3rd period - Slapshot by Mike Ribeiro.
0:41 of 3rd period - Deflect By Milan Michalek.
0:41 of 3rd period - Goal by Milan Michalek - Flames : 4 - Canucks : 3.
0:42 of 3rd period - Mike Ribeiro wins face-off versus Eric Staal in neutral zone.
0:45 of 3rd period - Wrist shot by Mike Ribeiro.
0:45 of 3rd period - Shot Hit the Post.
0:56 of 3rd period - Slapshot by David Backes.
0:56 of 3rd period - Shot Blocked by Ben Lovejoy.
1:54 of 3rd period - Wrist shot by Maxim Lapierre.
1:54 of 3rd period - Shot Misses the Net.
1:56 of 3rd period - Slapshot by Sami Lepisto.
1:56 of 3rd period - Stopped by Pekka Rinne without a rebound.
1:57 of 3rd period - Eric Staal wins face-off versus Mike Ribeiro in Flames zone.
1:57 of 3rd period - Eric Staal is hit by Maxim Afinogenov.
3:27 of 3rd period - Tom Poti is hit by Lubomir Visnovsky and loses puck.
4:08 of 3rd period - Matt Stajan is hit by Brad Marchand and loses puck.
4:47 of 3rd period - Slapshot by Steve Eminger.
4:47 of 3rd period - Shot Misses the Net.
5:12 of 3rd period - Wrist shot by Nik Antropov.
5:12 of 3rd period - Stopped by Pekka Rinne with a rebound.
5:40 of 3rd period - Snap shot by Ryan Hollweg.
5:40 of 3rd period - Stopped by Pekka Rinne with a rebound.
5:42 of 3rd period - Wrist shot by Ryan Hollweg.
5:42 of 3rd period - Stopped by Pekka Rinne with a rebound.
5:44 of 3rd period - Snap shot by Ryan Hollweg.
5:44 of 3rd period - Stopped by Pekka Rinne with a rebound.
5:48 of 3rd period - Backhand shot by Rene Bourque.
5:48 of 3rd period - Shot Misses the Net.
5:50 of 3rd period - Wrist shot by Rene Bourque.
5:50 of 3rd period - Stopped by Pekka Rinne with a rebound.
5:52 of 3rd period - Snap shot by Ryan Hollweg.
5:52 of 3rd period - Stopped by Pekka Rinne with a rebound.
6:00 of 3rd period - Wrist shot by Nik Antropov.
6:00 of 3rd period - Stopped by Pekka Rinne with a rebound.
6:02 of 3rd period - Wrist shot by Rene Bourque.
6:02 of 3rd period - Shot Misses the Net.
6:04 of 3rd period - Slapshot by Lasse Kukkonen.
6:04 of 3rd period - Stopped by Pekka Rinne without a rebound.
6:05 of 3rd period - Eric Staal wins face-off versus Maxim Afinogenov in Flames zone.
6:32 of 3rd period - Ben Lovejoy is hit by Jordin Tootoo and loses puck.
6:40 of 3rd period - Off-side.
6:41 of 3rd period - Mike Ribeiro wins face-off versus Patrik Berglund in neutral zone.
6:49 of 3rd period - Off-side.
6:50 of 3rd period - Mike Ribeiro wins face-off versus Patrik Berglund in neutral zone.
7:09 of 3rd period - Wrist shot by Mike Ribeiro.
7:09 of 3rd period - Shot Misses the Net.
7:11 of 3rd period - Slapshot by Maxim Afinogenov.
7:11 of 3rd period - Shot Blocked by Erik Johnson.
7:13 of 3rd period - Snap shot by Mike Ribeiro.
7:13 of 3rd period - Stopped by Pekka Rinne with a rebound.
7:15 of 3rd period - Wrist shot by Maxim Afinogenov.
7:15 of 3rd period - Stopped by Pekka Rinne with a rebound.
7:17 of 3rd period - Slapshot by Jamie McBain.
7:17 of 3rd period - Shot Blocked by Erik Johnson.
7:19 of 3rd period - Slapshot by Tom Poti.
7:19 of 3rd period - Deflect By Milan Michalek.
7:19 of 3rd period - Shot Misses the Net.
7:19 of 3rd period - Puck is out of play.
7:20 of 3rd period - Eric Staal wins face-off versus Matt Stajan in Flames zone.
7:20 of 3rd period - Eric Staal is hit by Clarke MacArthur.
8:26 of 3rd period - Lasse Kukkonen is hit by David Backes and loses puck.
8:45 of 3rd period - Jiri Hudler is hit by Colby Robak and loses puck.
9:26 of 3rd period - Brendan Mikkelson is hit by Ben Lovejoy and loses puck.
10:02 of 3rd period - Minor Penalty to Jamie McBain for Holding.
10:03 of 3rd period - Eric Staal wins face-off versus Mike Ribeiro in Canucks zone.
10:06 of 3rd period - Snap shot by Alexander Semin.
10:06 of 3rd period - Goal by Alexander Semin - Flames : 5 - Canucks : 3.
10:07 of 3rd period - Mike Ribeiro wins face-off versus Eric Staal in neutral zone.
10:07 of 3rd period - Mike Ribeiro is hit by David Backes.
10:29 of 3rd period - Minor Penalty to Alexander Semin for Holding.
10:30 of 3rd period - Eric Staal wins face-off versus Mike Ribeiro in Flames zone.
11:13 of 3rd period - Icing by Ben Lovejoy.
11:14 of 3rd period - Mike Ribeiro wins face-off versus Mikhail Grabovski in Canucks zone.
11:24 of 3rd period - Off-side.
11:25 of 3rd period - Matt Stajan wins face-off versus Eric Staal in neutral zone.
11:36 of 3rd period - Snap shot by Maxim Afinogenov.
11:36 of 3rd period - Goal by Maxim Afinogenov - Flames : 5 - Canucks : 4.
11:37 of 3rd period - Eric Staal wins face-off versus Mike Ribeiro in neutral zone.
12:13 of 3rd period - Slapshot by Derek Meech.
12:13 of 3rd period - Shot Blocked by Matt Stajan.
12:15 of 3rd period - Wrist shot by Patrik Berglund.
12:15 of 3rd period - Deflect By Brad Marchand.
12:15 of 3rd period - Shot Blocked by Matt Stajan.
12:15 of 3rd period - Puck is out of play.
12:16 of 3rd period - Nik Antropov wins face-off versus David Backes in Canucks zone.
13:06 of 3rd period - Colin Wilson is hit by Maxim Lapierre and loses puck.
13:17 of 3rd period - Snap shot by Steve Regier.
13:17 of 3rd period - Shot Misses the Net.
13:19 of 3rd period - Slapshot by Erik Johnson.
13:19 of 3rd period - Deflect By Patrik Elias.
13:19 of 3rd period - Stopped by Carey Price with a rebound.
13:32 of 3rd period - Off-side.
13:33 of 3rd period - Matt Stajan wins face-off versus Mikhail Grabovski in neutral zone.
13:38 of 3rd period - Wrist shot by Matt Stajan.
13:38 of 3rd period - Shot Misses the Net.
13:40 of 3rd period - Slapshot by Ben Lovejoy.
13:40 of 3rd period - Stopped by Pekka Rinne without a rebound.
13:41 of 3rd period - Eric Staal wins face-off versus Mike Ribeiro in Flames zone.
13:48 of 3rd period - Backhand shot by David Backes.
13:48 of 3rd period - Shot Misses the Net.
13:53 of 3rd period - Off-side.
13:54 of 3rd period - Mike Ribeiro wins face-off versus Eric Staal in neutral zone.
14:07 of 3rd period - Slapshot by Alex Goligoski.
14:07 of 3rd period - Shot Misses the Net.
14:21 of 3rd period - Derek Meech is hit by Jiri Hudler and loses puck.
14:28 of 3rd period - Wrist shot by Jiri Hudler.
14:28 of 3rd period - Shot Blocked by Jordin Tootoo.
14:30 of 3rd period - Snap shot by Matt Stajan.
14:30 of 3rd period - Stopped by Pekka Rinne without a rebound.
14:31 of 3rd period - Matt Stajan wins face-off versus Eric Staal in Flames zone.
14:44 of 3rd period - Snap shot by Steve Eminger.
14:44 of 3rd period - Shot Misses the Net.
15:54 of 3rd period - Lubomir Visnovsky is hit by Jiri Hudler and loses puck.
16:42 of 3rd period - Icing by Mikhail Grabovski.
16:43 of 3rd period - Mikhail Grabovski wins face-off versus Nik Antropov in Flames zone.
16:54 of 3rd period - Snap shot by Nik Antropov.
16:54 of 3rd period - Stopped by Pekka Rinne with a rebound.
17:18 of 3rd period - Snap shot by Michel Ouellet.
17:18 of 3rd period - Shot Misses the Net.
18:23 of 3rd period - Wrist shot by Brad Marchand.
18:23 of 3rd period - Stopped by Carey Price without a rebound.
18:24 of 3rd period - Mike Ribeiro wins face-off versus Colin Wilson in Canucks zone.
18:35 of 3rd period - Slapshot by Alex Goligoski.
18:35 of 3rd period - Stopped by Pekka Rinne with a rebound.
18:54 of 3rd period - Wrist shot by David Backes.
18:54 of 3rd period - Goal by David Backes - Flames : 6 - Canucks : 4.
18:55 of 3rd period - Steve Regier wins face-off versus Mike Ribeiro in neutral zone.
19:31 of 3rd period - Alex Goligoski is hit by Patrik Berglund and loses puck.
19:54 of 3rd period - Wrist shot by Patrik Elias.
19:54 of 3rd period - Stopped by Pekka Rinne without a rebound.
19:55 of 3rd period - Milan Michalek wins face-off versus Jordin Tootoo in Flames zone.
Goals for this period are 2 for Flames vs 2 for Canucks.
Shots for this period are 4 for Flames vs 18 for Canucks.